 Dungeon Sprint DCSS version 0.28.0-47-ge53b351184 (webtiles) character file.

Game seed: 17726926388510262441

935 browni3141 the Thrower (level 8, -5/97 HPs)
             Began as an Ogre Hunter on May 4, 2022.
             Was a Believer of Okawaru.
             Slain by a salamander (shapeshifter) (13 damage)
             ... in the Dungeon (Sprint IX: "|||||||||||||||||||||||||||||").
             The game lasted 00:02:13 (806 turns).

browni3141 the Thrower (Ogre Hunter)                 Turns: 806, Time: 00:02:14

Health: -5/97      AC:  3    Str: 19    XL:     8   Next: 11%
Magic:  6/8        EV: 12    Int: 15    God:    Okawaru [**....]
Gold:   0          SH:  0    Dex: 12    Spells: 7/7 levels left

rFire   . . .      SeeInvis .   n - +2 morningstar (vorpal)
rCold   . . .      Faith    .   (no shield)
rNeg    . . .      Spirit   .   b - +0 robe
rPois   .          Reflect  .   (helmet restricted)
rElec   .          Harm     .   (no cloak)
rCorr   .          Rampage  .   (gloves unavailable)
Will    .....      NoTele   +   (boots unavailable)
Stlth   +++.......              (no amulet)
HPRegen 0.26/turn               I - +3 ring of intelligence
MPRegen 0.11/turn               X - +3 ring of dexterity

@: heroic
A: large, unfitting armour, tough skin 1
a: Renounce Religion, Heroism


You were in the Dungeon.
You worshipped Okawaru.
Okawaru was pleased with you.
You visited 1 branch


Innate Abilities, Weirdness & Mutations

You are too large for most types of armour.
You have tough skin. (AC +1)


   Skills:
 + Level 11.4(16.4) Fighting
 * Level 8.1(13.1) Maces & Flails
 * Level 12.7(17.7) Throwing
 - Level 1.7(6.7) Dodging
 - Level 0.6(5.6) Stealth


You had 7 spell levels left.
You didn't know any spells.
Your spell library was empty.

Inventory:

Hand Weapons
 a - a +0 short sword
 n - a +2 vorpal morningstar (weapon)
Armour
 b - a +0 robe (worn)
Jewellery
 I - a +3 ring of intelligence (left hand)
 X - a +3 ring of dexterity (right hand)
Wands
 m - a wand of iceblast (9)
Scrolls
 j - a scroll of blinking {@r3}
 l - 2 scrolls of amnesia
Potions
 e - 3 potions of curing {@q1}
 g - a potion of haste {@q3}
 h - 4 potions of magic
 k - a potion of invisibility

Dungeon Overview and Level Annotations

Branches:
Dungeon (1/1)

Altars:
Cheibriados
Dithmenos
Elyvilon
Fedhas
Gozag
Hepliaklqana
Kikubaaqudgha
Makhleb
Nemelex Xobeh
Okawaru
Qazlal
Ru
Sif Muna
Trog
Uskayaw
Vehumet
Wu Jian
Xom
Yredelemnul
Zin
The Shining One
Beogh
Jiyva
Lugonu ¦(¦ ¦.¦ ¦.¦ ¦T¦ ¦W¦ ¦○¦ ¦R¦ ¦N¦

¦@¦
¦.¦
¦[¦
¦[¦
¦[¦
¦.¦
¦)¦
¦.¦
¦.¦


You could see a salamander, a troll, an efreet and a shadow.


Message History

* * * LOW HITPOINT WARNING * * *
Unknown command.
Okay, then.
Blink to where?
Press: ? - help, Dir - move target, p - guardian serpent
As you read the scroll of blinking {@r3}, it crumbles to dust.
You close the door.
You start resting.
You feel like a meek peon again.
Magic restored.
Aiming: Iceblast
Press: ? - help, Shift-Dir - straight line, f - salamander
Aim: a salamander (lightly wounded)
The mass of ice explodes!
The iceblast engulfs the salamander!
The salamander is frozen!
The salamander is moderately wounded.
The iceblast engulfs the efreet.
The efreet is frozen!
The efreet is severely wounded.
The efreet gestures at you.
The bolt of fire hits the salamander.
The salamander completely resists.
The bolt of fire misses you.
Unknown command.
Unknown command.
You gain the combat prowess of a mighty hero.
A shadow appears from thin air!
Reactivating autopickup.
The salamander hits you!
* * * LOW HITPOINT WARNING * * *
You are engulfed in flames!
You die...

Skill      XL: |  1  2  3  4  5  6  7 |
---------------+----------------------+-----
Fighting       | 5 7 9 10 11 | 11.4
Throwing       | 6 8 10 11 12 | 12.7
Maces & Flails | 3 6 8 |  8.1
Dodging        | |  1.7
Stealth        | |  0.6

Action                   |  1- 3 |  4- 6 |  7- 9 || total
-------------------------+-------+-------+-------++-------
Melee: Short sword       |    18 |    16 |       ||    34
       Punch             |     1 |       |       ||     1
       Morningstar       |       |    11 |    22 ||    33
Throw: Large rock        |     3 |     1 |     4 ||     8
       Throwing net      |       |       |     2 ||     2
Invok: Heroism           |       |       |     2 ||     2
Evoke: Wand              |       |       |     1 ||     1
  Use: Potion            |       |     3 |     3 ||     6
       Scroll            |       |       |     1 ||     1
 Stab: Held in net/web   |       |       |     2 ||     2
Armor: Robe              |     6 |     4 |    17 ||    27
Dodge: Dodged            |     9 |    21 |    20 ||    50

Levels and vault maps discovered:
D:        linesprint [early_d, line_temple, items_1, d_10, items_2, lair_1,
          lair_end, items_3, orc_1, orc_end, items_4, d_15, swamp_1, shoals_1,
          snake_1, spider_1, d_20, vaults_1, items_5, swamp_end, shoals_end,
          snake_end, spider_end, vaults_end, d_27, items_6, zot_1, zot_end,
          crypt_end, forest_end, elf_end, slime_end, tomb_end, abyss_end,
          pan_hell_end]

Notes
Turn   | Place    | Note
-------+----------+-------------------------------------------
     0 | D        | browni3141 the Ogre Hunter began the quest for the Orb.
     0 | D        | Reached XP level 1. HP: 22/22 MP: 1/1
     5 | D        | Reached skill level 3 in Fighting
   161 | D        | Noticed a jelly
   161 | D        | Noticed a black bear
   164 | D        | Killed a jelly
   165 | D        | Reached skill level 5 in Fighting
   165 | D        | Reached skill level 6 in Throwing
   165 | D        | Reached XP level 2. HP: 15/35 MP: 2/2
   165 | D        | Reached XP level 3. HP: 18/42 MP: 3/3
   165 | D        | Killed a black bear
   166 | D        | Reached skill level 7 in Fighting
   166 | D        | Reached skill level 8 in Throwing
   166 | D        | Reached XP level 4. HP: 24/55 MP: 4/4
   166 | D        | Reached XP level 5. HP: 27/62 MP: 5/5
   174 | D        | Reached skill level 9 in Throwing
   178 | D        | HP: 5/63 [adder (3)]
   180 | D        | Reached skill level 8 in Fighting
   407 | D        | Found a snail-covered altar of Cheibriados.
   407 | D        | Found a shadowy altar of Dithmenos.
   407 | D        | Found a white marble altar of Elyvilon.
   407 | D        | Found a blossoming altar of Fedhas.
   407 | D        | Found an opulent altar of Gozag.
   408 | D        | Found a hazy altar of Hepliaklqana.
   409 | D        | Found a viscous altar of Jiyva.
   410 | D        | Found an ancient bone altar of Kikubaaqudgha.
   411 | D        | Found a corrupted altar of Lugonu.
   412 | D        | Found a burning altar of Makhleb.
   413 | D        | Found a sparkling altar of Nemelex Xobeh.
   414 | D        | Found an iron altar of Okawaru.
   415 | D        | Found a stormy altar of Qazlal.
   416 | D        | Found a sacrificial altar of Ru.
   417 | D        | Found a shimmering blue altar of Sif Muna.
   418 | D        | Found a bloodstained altar of Trog.
   419 | D        | Found a hide-covered altar of Uskayaw.
   420 | D        | Found a radiant altar of Vehumet.
   421 | D        | Found an ornate altar of the Wu Jian Council.
   422 | D        | Became a worshipper of Warmaster Okawaru
   423 | D        | Found a shimmering altar of Xom.
   424 | D        | Found a basalt altar of Yredelemnul.
   425 | D        | Found a glowing silver altar of Zin.
   426 | D        | Found a glowing golden altar of the Shining One.
   510 | D        | Noticed a wyvern
   510 | D        | Noticed a wraith
   510 | D        | Noticed a centaur
   510 | D        | Noticed an acid dragon
   512 | D        | HP: 4/63 [acid dragon/splash of acid (32)]
   520 | D        | Killed an acid dragon
   521 | D        | Reached skill level 9 in Fighting
   521 | D        | Reached skill level 3 in Maces & Flails
   521 | D        | Reached skill level 10 in Throwing
   521 | D        | Reached XP level 6. HP: 69/75 MP: 6/6
   523 | D        | Reached * piety under Okawaru
   524 | D        | Reached skill level 4 in Maces & Flails
   525 | D        | Killed a wraith
   526 | D        | Reached skill level 10 in Fighting
   526 | D        | Reached skill level 6 in Maces & Flails
   526 | D        | Reached skill level 11 in Throwing
   526 | D        | Reached XP level 7. HP: 76/85 MP: 7/7
   527 | D        | Killed a wyvern
   537 | D        | Reached skill level 7 in Maces & Flails
   537 | D        | Reached skill level 12 in Throwing
   763 | D        | Noticed a troll
   763 | D        | Noticed a cyan ugly thing
   763 | D        | Noticed a shadow
   763 | D        | Noticed an efreet
   763 | D        | Noticed a guardian serpent
   763 | D        | Noticed a wind drake
   766 | D        | Killed a wind drake
   766 | D        | Reached ** piety under Okawaru
   767 | D        | Reached skill level 11 in Fighting
   767 | D        | Killed a cyan ugly thing
   768 | D        | Reached skill level 8 in Maces & Flails
   768 | D        | Reached XP level 8. HP: 41/97 MP: 8/8
   781 | D        | HP: 4/97 [guardian serpent (shapeshifter) (7)]
   805 | D        | Noticed a salamander
   806 | D        | HP: 8/97 [salamander (shapeshifter) (15)]
   806 | D        | Slain by a salamander (shapeshifter)

Vanquished Creatures
  A wind drake (shapeshifter) (D)
  A wraith (D)
  A wyvern (D)
  An acid dragon (D)
  A black bear (D)
  A centaur (D)
  A jelly (D)
  An orc wizard (D)
  2 adders (D)
  An adder zombie (D)
  A bat zombie (D)
  An endoplasm (D)
  A goblin (D)
  A ball python (D)
  A kobold (D)
  A rat (D)
17 creatures vanquished.

Vanquished Creatures (others)
  An ugly thing (D)
1 creature vanquished.

Grand Total: 18 creatures vanquished

Table legend: (Time is in decaauts)
 A = Elapsed time spent in this place.
 B = Non-inter-level travel time spent in this place.
 C = Inter-level travel time spent in this place.
 D = Time resting spent in this place.
 E = Time spent auto-exploring this place.
 F = Levels seen in this place.
 G = Mean time per level.
                   A        B        C        D        E       F      G
               +--------+--------+--------+--------+--------+-----+--------+
         Total |    823 |    823 |      0 |    624 |      0 |   1 |  823.0 |
       Dungeon |    823 |    823 |      0 |    624 |      0 |   1 |  823.0 |
               +--------+--------+--------+--------+--------+-----+--------+

Top non-repeatable levels by time:
       D: 823 daAuts

Table legend:
 A = Non-vault XP
 B = Vault XP
 C = Vault XP percentage of total XP
 D = Non-vault monster count
 E = Vault monster count
 F = Vault count percentage of total count
                 A         B        C        D         E       F
            +---------+---------+-------+---------+---------+-------
      Total |       0 |    1337 | 100.0 |       0 |      18 | 100.0
            +---------+---------+-------+---------+---------+-------
          D |       0 |    1337 | 100.0 |       0 |      18 | 100.0
            +---------+---------+-------+---------+---------+-------
